 Dungeon Crawl Stone Soup version 0.26-a0-812-g31a745ddcd (webtiles) character file.

Game seed: 15647838808930357019

107 Cydore the Sneak (level 4, 0/34 HPs)
             Began as a Demonspawn Brigand on Nov 13, 2020.
             Slain by a gnoll
             ... wielding a +0 spear
              (8 damage)
             ... on level 2 of the Dungeon.
             The game lasted 00:12:20 (2219 turns).

Cydore the Sneak (Demonspawn Brigand)               Turns: 2219, Time: 00:12:21

Health: 0/34       AC:  3    Str: 12    XL:     4   Next: 57%
Magic:  4/4        EV: 12    Int: 12    God:
Gold:   102        SH:  0    Dex: 15    Spells: 0/3 levels left

rFire    . . .     SeeInvis .   a - +3 dagger
rCold    . . .     Faith    .   (no shield)
rNeg     . . .     Spirit   .   b - +0 robe
rPois    .         Reflect  .   (helmet restricted)
rElec    .         Harm     .   c - +0 cloak
rCorr    .         Rampage  .   (no gloves)
MR       .....                  (no boots)
Stlth    +++.......             (no amulet)
HPRegen  0.11/turn              (no ring)
MPRegen  0.09/turn              (no ring)

@: no status effects
A: antennae 1
a: no special abilities


You were on level 2 of the Dungeon.
You visited 1 branch of the dungeon, and saw 2 of its levels.

You collected 102 gold pieces.

Inventory:

Hand Weapons
 a - a +3 dagger (weapon)
 f - a +0 whip
Missiles
 d - 8 poisoned darts (quivered)
 e - 2 curare-tipped darts
Armour
 b - a +0 robe (worn)
 c - a +0 cloak (worn)
Jewellery
 p - a +4 ring of protection {unknown}
Scrolls
 k - a scroll of blinking {unknown}
 n - a scroll of enchant armour {unknown}
 q - a scroll of fog {unknown}
 r - a scroll of remove curse {unknown}
 s - a scroll of teleportation {unknown}
Potions
 g - 2 potions of might {unknown}
 i - a potion of cancellation {unknown}
 j - a potion of brilliance {unknown}
 l - 2 potions of degeneration {unknown}
 m - a potion of resistance {unknown}
 o - a potion of haste {unknown}


   Skills:
 + Level 2.5 Fighting
 + Level 2.6 Short Blades
 + Level 1.8 Throwing
 + Level 1.8 Dodging
 + Level 4.5 Stealth


You couldn't memorise any spells.
You knew the following spells:

 Your Spells              Type           Power        Failure   Level
a - Confusing Touch       Hex            #.......     69%         3

Your spell library contained the following spells:

 Spells                   Type           Power        Failure   Level
 Gell's Gravitas          Tloc           #.........   69%         3
 Petrify                  Tmut/Erth      #.......     97%         4
 Metabolic Englaciation   Hex/Ice        #.........   100%        5
 Yara's Violent Unravell  Hex/Tmut       #.........   100%        5


Dungeon Overview and Level Annotations

Branches:
Dungeon (2/15)

Altars:
Ru


Innate Abilities, Weirdness & Mutations

You have a pair of small antennae on your head.


Message History

You hit the gnoll.
The gnoll is severely wounded.
The gnoll completely misses you.
The gnoll hits you from afar with a +0 spear.
You puncture the gnoll!
You kill the gnoll!
The gnoll hits you with a +0 spear.
You see here a +0 club.
You closely miss the gnoll. The gnoll hits you with a +0 spear.
You hit the gnoll.
The gnoll is moderately wounded.
The gnoll hits you with a +0 spear.
* * * LOW HITPOINT WARNING * * *
You completely miss the gnoll.
The gnoll is moderately wounded.
The gnoll closely misses you.
You hit the gnoll.
The gnoll is heavily wounded.
The gnoll hits you with a +0 spear!
You die...

############
##..........##
##............##
#..............#
#..............#
#..............#
...............#########
.......(.......g@......#
..............########.#
.............## #.##
##.##.######## ######..#
#...(......#####.......#
##......#...........#...#
#.....######.....######.#
#.#.....# .#.....#..#...#
..#.....#..#..#..#..#...#


You could see a gnoll.

Vanquished Creatures
  2 adders (D:2)
  2 gnolls (D:2)
  3 dart slugs
  A leopard gecko (D:2)
  5 giant cockroaches
  3 goblins (D:2)
  6 hobgoblins
  7 jackals (D:2)
  12 kobolds
  A quokka (D:2)
  11 bats
  3 frilled lizards
  5 rats
61 creatures vanquished.

Notes
Turn   | Place    | Note
-------+----------+-------------------------------------------
     0 | D:1      | Cydore the Demonspawn Brigand began the quest for the Orb.
     0 | D:1      | Reached XP level 1. HP: 16/16 MP: 1/1
   263 | D:1      | Gained mutation: You have a pair of small antennae on your
                  | head. [demonic ancestry]
   263 | D:1      | Reached XP level 2. HP: 22/22 MP: 2/2
   285 | D:1      | Reached skill level 1 in Dodging
   342 | D:1      | Reached skill level 4 in Stealth
   727 | D:1      | Reached XP level 3. HP: 20/27 MP: 3/3
  1734 | D:2      | Reached XP level 4. HP: 23/34 MP: 4/4
  1944 | D:2      | Learned a level 3 spell: Confusing Touch
  1967 | D:2      | Found a sacrificial altar of Ru.
  2219 | D:2      | Slain by a gnoll

Illustrated notes

Levels and vault maps discovered:
D:1:      heliophobic_arrival_ceremonial_halls, layout_basic
D:2:      layout_rooms, hangedman_ru_absence

Skill      XL: |  1  2 |
---------------+-------+-----
Dodging        | 1 |  1.8
Stealth        | 4 |  4.5
Short Blades   | 2 |  2.6
Fighting       | |  2.5
Throwing       | |  1.8

Action                   |  1- 3 |  4- 6 || total
-------------------------+-------+-------++-------
Melee: Dagger            |   184 |    65 ||   249
  Use: Scroll            |       |     1 ||     1
 Stab: Sleeping          |     9 |     3 ||    12
Armor: Robe              |    70 |    17 ||    87
Dodge: Dodged            |   142 |    57 ||   199

Table legend: (Time is in decaauts)
 A = Elapsed time spent in this place.
 B = Non-inter-level travel time spent in this place.
 C = Inter-level travel time spent in this place.
 D = Time resting spent in this place.
 E = Time spent auto-exploring this place.
 F = Levels seen in this place.
 G = Mean time per level.
                   A        B        C        D        E       F      G
               +--------+--------+--------+--------+--------+-----+--------+
         Total |   2191 |   2147 |     44 |    801 |    725 |   2 | 1095.5 |
       Dungeon |   2191 |   2147 |     44 |    801 |    725 |   2 | 1095.5 |
               +--------+--------+--------+--------+--------+-----+--------+

Top non-repeatable levels by time:
     D:2: 1128 daAuts
     D:1: 1063 daAuts
